[Event "January 2 Late 2024"]
[Site "https://www.chess.com"]
[Date "2024.01.02"]
[Round "4"]
[White "Korol, Dimitry"]
[Black "Martin Fuentes, Alberto"]
[Result "0-1"]
[Board "102"]
[TimeControl "180+1"]
[WhiteFideId "14108003"]
[BlackFideId "2292289"]
[WhiteElo "2346"]
[BlackElo "2638"]
[WhiteTeam "UKR"]
[BlackTeam "ESP"]
[WhiteClock "0:00:11"]
[BlackClock "0:00:14"]

1. d4 Nf6 2. c4 c5 3. d5 b5 4. Nd2 bxc4 5. e4 d6 6. Bxc4 g6 7. b3 Bg7 8. Bb2 O-O 9. Ngf3 Ba6 10. O-O Bxc4 11. bxc4 Nbd7 12. h3 Qa5 13. Re1 Rfb8 14. Nb3 Qa6 15. Qc2 Nb6 16. Rac1 Nbd7 17. Ba1 Rb4 18. e5 Ne8 19. exd6 exd6 20. Bxg7 Nxg7 21. Re7 Nb6 22. Nbd2 Nf5 23. Rc7 Rc8 24. Rxc8+ Qxc8 25. Re1 Qd7 26. Ne4 Qd8 27. Qc3 Nd7 28. g4 Ng7 29. Nxd6 Rb6 30. Ne4 h5 31. Kg2 hxg4 32. hxg4 f5 33. Ng3 fxg4 34. Ne5 Nxe5 35. Rxe5 Rf6 36. Qe3 Qf8 37. Ne4 Rf5 38. Rxf5 Qxf5 39. Qxc5 Qxe4+ 40. Kg1 Qe1+ 41. Kg2 Qe4+ 42. Kg1 Nf5 43. d6 Nh4 44. Qd5+ Qxd5 45. cxd5 Kf7 46. Kh2 Nf5 47. d7 Ke7 48. d6+ Kxd7 49. Kg2 Kxd6 50. f3 gxf3+ 51. Kxf3 Kc5 52. Kg4 Ne7 53. Kg5 Kb4 54. Kf6 Ka3 55. Kxe7 g5 56. Kf6 g4 57. Kg5 g3 58. Kf4 g2 59. Ke3 g1=Q+ 60. Kd3 Qa1 61. Kc4 Qxa2+ 62. Kb5 Qb3+ 63. Ka6 Qb6# 0-1

[Event "January 2 Late 2024"]
[Site "https://www.chess.com"]
[Date "2024.01.02"]
[Round "4"]
[White "Kekic, Armin"]
[Black "Manukyan, Sargis A."]
[Result "1/2-1/2"]
[Board "103"]
[TimeControl "180+1"]
[WhiteFideId "14401274"]
[BlackFideId "13303970"]
[WhiteElo "2329"]
[BlackElo "2637"]
[WhiteTeam "BIH"]
[BlackTeam "ARM"]
[WhiteClock "0:00:29"]
[BlackClock "0:01:22"]

1. e4 c5 2. c3 d5 3. exd5 Qxd5 4. d4 Nf6 5. Nf3 Bg4 6. Be2 Nc6 7. Na3 e6 8. O-O cxd4 9. Nb5 Rc8 10. Nbxd4 Nxd4 11. Nxd4 Bxe2 12. Qxe2 Be7 13. Qb5+ Qxb5 14. Nxb5 a6 15. Nd4 O-O 16. Bg5 Rfd8 17. Rfd1 h6 18. Bxf6 Bxf6 19. Nb3 Kf8 20. Kf1 Ke7 21. Ke2 b5 22. Rxd8 Rxd8 23. Rd1 Rb8 24. Nd4 Bxd4 25. Rxd4 Rc8 26. Kd3 Rc5 27. g3 Rf5 28. f4 Rh5 29. h4 Rc5 30. c4 g5 31. hxg5 hxg5 32. cxb5 axb5 33. a4 bxa4 34. Rxa4 g4 35. b4 Rc1 36. Ra3 f5 37. Rc3 Rf1 38. Kc4 Kd6 39. Rd3+ Kc7 40. Kd4 Kd6 41. Kc4+ Kc7 42. Kd4 Re1 43. Re3 Rd1+ 44. Ke5 Kd7 45. Kf6 Rd6 46. b5 Rb6 47. Re5 Rd6 48. Kg5 Rd3 49. Kf6 Rxg3 50. Rxe6 Rb3 51. Re5 g3 52. Rxf5 g2 53. Rg5 Rb2 54. f5 Kd6 55. Kg6 Ke7 56. Kg7 Rf2 57. Kg6 Kf8 58. f6 Rb2 59. Rg3 Rf2 60. b6 Rb2 61. b7 Rxb7 62. Rxg2 Rb1 63. Ra2 Rg1+ 64. Kf5 Rf1+ 65. Ke6 Re1+ 66. Kf5 Rf1+ 67. Kg6 Rg1+ 68. Kf5 Rf1+ 1/2-1/2

[Event "January 2 Late 2024"]
[Site "https://www.chess.com"]
[Date "2024.01.02"]
[Round "4"]
[White "Zampronha, Wladimir Camilo"]
[Black "Veljanoski, Andrej"]
[Result "0-1"]
[Board "104"]
[TimeControl "180+1"]
[WhiteFideId "2103087"]
[BlackFideId "15003604"]
[WhiteElo "2327"]
[BlackElo "2625"]
[WhiteTeam "BRA"]
[BlackTeam "MKD"]
[WhiteClock "0:00:05"]
[BlackClock "0:01:21"]

1. e4 b6 2. d4 Bb7 3. Bd3 g6 4. Nf3 Bg7 5. O-O d6 6. Re1 e5 7. dxe5 dxe5 8. Bb5+ c6 9. Qxd8+ Kxd8 10. Bc4 Ke7 11. Ng5 Nh6 12. Rd1 Na6 13. Nxf7 Nxf7 14. Bxf7 Rhd8 15. Bg5+ Bf6 16. Bxf6+ Kxf6 17. Rxd8 Rxd8 18. Bc4 Nb4 19. Na3 b5 20. Bd3 Nxd3 21. Rd1 b4 22. Nc4 Ba6 23. b3 Bxc4 24. bxc4 a5 25. cxd3 a4 26. Kf1 Ke6 27. Ke2 Kd6 28. Ke3 Kc5 29. g3 g5 30. f4 gxf4+ 31. gxf4 exf4+ 32. Kxf4 Kd4 33. Kf5 b3 34. axb3 axb3 35. Re1 b2 36. e5 Kxd3 37. e6 Kxc4 38. e7 Re8 39. Kf6 c5 40. Kf7 Rxe7+ 41. Kxe7 Kb3 42. Re5 c4 43. Rb5+ Kc2 0-1

[Event "January 2 Late 2024"]
[Site "https://www.chess.com"]
[Date "2024.01.02"]
[Round "4"]
[White "Chor, Kevin"]
[Black "Osmonbekov, Talaibek"]
[Result "0-1"]
[Board "105"]
[TimeControl "180+1"]
[WhiteFideId "2090740"]
[BlackFideId "2017253"]
[WhiteElo "2625"]
[BlackElo "2306"]
[WhiteTeam "USA"]
[BlackTeam "USA"]
[WhiteClock "0:00:20"]
[BlackClock "0:01:41"]

1. e4 c5 2. Nf3 d6 3. d4 cxd4 4. Nxd4 Nf6 5. Nc3 g6 6. Be3 Bg7 7. f3 O-O 8. Qd2 Nc6 9. Bc4 Bd7 10. Bb3 Rc8 11. O-O-O Nxd4 12. Bxd4 b5 13. Nd5 Nxd5 14. Bxg7 Kxg7 15. exd5 a5 16. a3 Qb6 17. h4 Bf5 18. g4 a4 19. Bxa4 bxa4 20. gxf5 Rc4 21. h5 Rfc8 22. c3 Qb3 23. hxg6 Rxc3+ 24. Kb1 hxg6 25. Qh6+ Kf6 26. Qh4+ Kg7 27. Qh7+ Kf6 28. fxg6 Qc2+ 29. Ka1 Rxa3+ 30. bxa3 Qc3+ 31. Ka2 Qb3+ 32. Ka1 Qxa3+ 33. Kb1 Rb8+ 34. Kc2 Rb2+ 35. Kc1 Qa1# 0-1

[Event "January 2 Late 2024"]
[Site "https://www.chess.com"]
[Date "2024.01.02"]
[Round "4"]
[White "Ehlvest, Jaan"]
[Black "Lopez Del Alamo, Antonio"]
[Result "1-0"]
[Board "106"]
[TimeControl "180+1"]
[WhiteFideId "4500016"]
[BlackFideId "2227339"]
[WhiteElo "2623"]
[BlackElo "2286"]
[WhiteTeam "USA"]
[BlackTeam "ESP"]
[WhiteClock "0:01:05"]
[BlackClock "0:00:17"]

1. e4 c5 2. Nf3 e6 3. c3 Nf6 4. e5 Nd5 5. d4 d6 6. c4 Nb6 7. exd6 Bxd6 8. dxc5 Bxc5 9. Qxd8+ Kxd8 10. Nc3 Bb4 11. Bd2 Nc6 12. a3 Bxc3 13. Bxc3 f6 14. O-O-O+ Ke7 15. Nd4 e5 16. Nxc6+ bxc6 17. Bb4+ Kf7 18. Rd6 Be6 19. Rxc6 Rhc8 20. Rxc8 Rxc8 21. b3 Nd5 22. Bd2 Ne7 23. Bd3 Nc6 24. Bc3 a5 25. Rd1 a4 26. b4 Nd4 27. Bxd4 exd4 28. c5 Bb3 29. Bc2 1-0

[Event "January 2 Late 2024"]
[Site "https://www.chess.com"]
[Date "2024.01.02"]
[Round "4"]
[White "Yagupov, Igor"]
[Black "Perry, Patrick"]
[Result "1-0"]
[Board "107"]
[TimeControl "180+1"]
[WhiteFideId "4113632"]
[BlackFideId "30917727"]
[WhiteElo "2621"]
[BlackElo "2249"]
[WhiteTeam "RUS"]
[BlackTeam "USA"]
[WhiteClock "0:00:34"]
[BlackClock "0:00:17"]

1. e4 Nf6 2. e5 Nd5 3. d4 d6 4. Nf3 Bg4 5. Be2 c6 6. Ng5 Bxe2 7. Qxe2 dxe5 8. dxe5 e6 9. O-O Be7 10. Ne4 O-O 11. c4 Nb4 12. Rd1 Qc7 13. Bf4 c5 14. Nbc3 a6 15. Qg4 Kh8 16. Nd6 Nd7 17. Nce4 Rad8 18. Qg3 Nc2 19. Bg5 Bxg5 20. Nxg5 Nxa1 21. Ndxf7+ Kg8 22. Nxd8 Qxe5 23. Qxe5 Nxe5 24. Ngxe6 Nc2 25. Nxf8 Kxf8 26. Ne6+ Ke7 27. Nxc5 1-0

[Event "January 2 Late 2024"]
[Site "https://www.chess.com"]
[Date "2024.01.02"]
[Round "4"]
[White "Coca Cubillos, Jesus Alberto"]
[Black "Vifleemskaia, Svetlana"]
[Result "1-0"]
[Board "108"]
[TimeControl "180+1"]
[WhiteFideId "4462912"]
[BlackFideId "4129490"]
[WhiteElo "2617"]
[BlackElo "2246"]
[WhiteTeam "COL"]
[BlackTeam "RUS"]
[WhiteClock "0:01:35"]
[BlackClock "0:00:01"]

1. f4 d5 2. Nf3 b5 3. e3 a6 4. d4 Bf5 5. c3 e6 6. a4 b4 7. c4 Nf6 8. c5 a5 9. Ne5 c6 10. Nd2 h6 11. Be2 Qc7 12. O-O Nbd7 13. Nb3 Be4 14. Bf3 Be7 15. Qe2 O-O 16. Kh1 Bxf3 17. gxf3 Kh8 18. Rg1 Ne8 19. Bd2 Nxe5 20. fxe5 f5 21. Rg6 Qd7 22. Rag1 Rf7 23. Qg2 Bg5 24. Qh3 Kg8 25. f4 Kh7 26. R1xg5 1-0

[Event "January 2 Late 2024"]
[Site "https://www.chess.com"]
[Date "2024.01.02"]
[Round "4"]
[White "Toktomushev, Teimur"]
[Black "Ghosh, Chanchal Kumer"]
[Result "1-0"]
[Board "109"]
[TimeControl "180+1"]
[WhiteFideId "14176726"]
[BlackFideId "10201858"]
[WhiteElo "2471"]
[BlackElo "2124"]
[WhiteTeam "UKR"]
[BlackTeam "BAN"]
[WhiteClock "0:01:27"]
[BlackClock "0:00:25"]

1. d4 d5 2. c4 e6 3. Nc3 Nf6 4. cxd5 exd5 5. Bg5 Be7 6. e3 c6 7. Bd3 O-O 8. Qc2 h6 9. Bh4 Nbd7 10. Nf3 Re8 11. O-O Ne4 12. Bxe4 dxe4 13. Qxe4 Nf6 14. Qc2 Bg4 15. Ne5 Nh7 16. Bxe7 Qxe7 17. Nxg4 Rad8 18. h3 Nf6 19. Nxf6+ Qxf6 20. Rad1 g6 21. d5 cxd5 22. Nxd5 Qe5 23. Nf4 h5 24. Qc3 Qf5 25. Rd4 Rc8 26. Qb3 b6 27. Nd5 Kh7 28. Rf4 1-0

[Event "January 2 Late 2024"]
[Site "https://www.chess.com"]
[Date "2024.01.02"]
[Round "4"]
[White "Remizov, Yaroslav"]
[Black "Karas, Marek"]
[Result "1-0"]
[Board "110"]
[TimeControl "180+1"]
[WhiteFideId "34134015"]
[BlackFideId "14928558"]
[WhiteElo "2836"]
[BlackElo "2467"]
[WhiteTeam "RUS"]
[BlackTeam "CZE"]
[WhiteClock "0:00:05"]
[BlackClock "0:00:02"]

1. Nf3 Nf6 2. c4 e6 3. g3 b6 4. Bg2 Bb7 5. O-O Be7 6. b3 c5 7. Bb2 O-O 8. Nc3 d5 9. e3 Na6 10. d4 dxc4 11. bxc4 Ne4 12. Nb5 Nd6 13. Qe2 Nxb5 14. cxb5 Nc7 15. dxc5 Bxc5 16. Rfd1 Qe7 17. Ne5 Bxg2 18. Kxg2 Nd5 19. e4 Nf6 20. Nc6 Qb7 21. Bxf6 gxf6 22. Qg4+ Kh8 23. Qf4 Kg7 24. Rd3 a6 25. Rf3 Be7 26. g4 h6 27. Rc1 Rac8 28. bxa6 Qd7 29. Nxe7 Qxe7 30. Rxc8 Rxc8 31. e5 fxe5 32. Qxe5+ Kh7 33. Qe4+ Kg7 34. Qd4+ e5 35. Qxb6 Qg5 36. h3 h5 37. Rf5 Qd2 38. Qf6+ Kg8 39. Qxf7+ Kh8 40. Rxh5+ 1-0

[Event "January 2 Late 2024"]
[Site "https://www.chess.com"]
[Date "2024.01.02"]
[Round "4"]
[White "Bagrationi, Alexander"]
[Black "Lobanov, Sergei"]
[Result "0-1"]
[Board "111"]
[TimeControl "180+1"]
[WhiteFideId "14104954"]
[BlackFideId "24183750"]
[WhiteElo "2464"]
[BlackElo "2831"]
[WhiteTeam "ISR"]
[BlackTeam "FID"]
[WhiteClock "0:00:14"]
[BlackClock "0:00:39"]

1. d4 Nf6 2. Nf3 d5 3. Bf4 e6 4. e3 Bd6 5. Bd3 O-O 6. Nbd2 Bxf4 7. exf4 b6 8. Ne5 c5 9. c3 Ba6 10. Bxa6 Nxa6 11. O-O Nc7 12. Re1 Nce8 13. Re3 Nd6 14. Rh3 cxd4 15. cxd4 Rc8 16. g4 Nfe4 17. Nf1 f6 18. Nd3 Nf7 19. Ng3 Rc4 20. Ne1 Qc7 21. f5 Nfg5 22. Rh4 Qf4 23. Nd3 Nf3+ 24. Kh1 Nxf2+ 25. Nxf2 Nxh4 26. Nd3 Qe3 27. Qe2 Qxe2 28. Nxe2 exf5 29. gxf5 Nxf5 30. Ndf4 Re8 31. Nc3 Rxd4 32. Ncxd5 Ree4 33. Rg1 Rxf4 34. Nxf6+ Kf7 35. Nxh7 Rf2 36. Ng5+ Kf6 37. Nh3 Rxb2 0-1

[Event "January 2 Late 2024"]
[Site "https://www.chess.com"]
[Date "2024.01.02"]
[Round "4"]
[White "Chiu, Isaac"]
[Black "Nielsen, Viktor Haarmark"]
[Result "0-1"]
[Board "112"]
[TimeControl "180+1"]
[WhiteFideId "30900654"]
[BlackFideId "1444492"]
[WhiteElo "2755"]
[BlackElo "2438"]
[WhiteTeam "USA"]
[BlackTeam "DEN"]
[WhiteClock "0:00:00"]
[BlackClock "0:01:07"]

1. d4 Nf6 2. Nf3 e6 3. c4 d5 4. Nc3 c5 5. cxd5 Nxd5 6. e4 Nxc3 7. bxc3 cxd4 8. cxd4 Bb4+ 9. Bd2 Bxd2+ 10. Qxd2 O-O 11. Bd3 Nc6 12. Bc2 b6 13. O-O Bb7 14. d5 exd5 15. exd5 Ne7 16. d6 Ng6 17. Rfe1 Bxf3 18. gxf3 Qd7 19. Be4 Rae8 20. Rad1 Nh4 21. Qf4 Ng6 22. Qg3 Rd8 23. h4 Rfe8 24. h5 Nf8 25. h6 Ng6 26. hxg7 Re6 27. Bd5 Rxd6 28. Bb3 Rxd1 29. Rxd1 Qe7 30. Rc1 Kxg7 31. Rc7 Rd7 32. Rc6 Qe1+ 33. Kg2 Re7 34. Qg5 Qe5 0-1

[Event "January 2 Late 2024"]
[Site "https://www.chess.com"]
[Date "2024.01.02"]
[Round "4"]
[White "Syaputra, Arifa Rizki"]
[Black "Dobrijevic, Milan"]
[Result "1-0"]
[Board "113"]
[TimeControl "180+1"]
[WhiteFideId "7105100"]
[BlackFideId "931632"]
[WhiteElo "2696"]
[BlackElo "2437"]
[WhiteTeam "INA"]
[BlackTeam "SRB"]
[WhiteClock "0:00:09"]
[BlackClock "0:00:23"]

1. e4 c5 2. Nf3 g6 3. c3 Nf6 4. e5 Nd5 5. d4 cxd4 6. cxd4 Bg7 7. Bc4 Nb6 8. Bb3 O-O 9. O-O Nc6 10. Bf4 d6 11. exd6 Bg4 12. Re1 exd6 13. d5 Ne5 14. Bxe5 dxe5 15. Nc3 Qf6 16. h3 Bxf3 17. Qxf3 Qxf3 18. gxf3 Rfd8 19. Rad1 Rac8 20. Re4 f5 21. Re2 Bf6 22. Kg2 Kg7 23. Na4 Nc4 24. Rc2 Nd6 25. Rxc8 Rxc8 26. Nc3 a6 27. Kf1 Kf7 28. a3 Ke7 29. Ke2 e4 30. Rc1 exf3+ 31. Kxf3 Ne4 32. Rc2 Bxc3 33. bxc3 Rxc3+ 34. Rxc3 Nxc3 35. d6+ Kxd6 36. Bg8 Ke7 37. Ke3 Kf8 38. Bb3 Nb5 39. a4 Nd6 40. Kd4 Ne4 41. f3 Ng5 42. Bd5 b5 43. a5 Nxh3 44. Bb7 b4 45. Bxa6 b3 46. Bd3 Nf4 47. a6 b2 48. a7 Nxd3 49. a8=Q+ Kg7 50. Qb7+ Kh6 51. Kxd3 Kg5 52. Qxb2 h5 53. Ke2 h4 54. Kf2 Kh5 55. Qd2 g5 56. Kg2 g4 57. fxg4+ fxg4 58. Qd5+ Kg6 59. Qe5 Kh6 60. Qf5 h3+ 61. Kg3 h2 62. Kxh2 1-0

[Event "January 2 Late 2024"]
[Site "https://www.chess.com"]
[Date "2024.01.02"]
[Round "4"]
[White "Suich, Peter D"]
[Black "Manolache, Marius"]
[Result "0-1"]
[Board "114"]
[TimeControl "180+1"]
[WhiteFideId "2050366"]
[BlackFideId "1201530"]
[WhiteElo "2435"]
[BlackElo "2673"]
[WhiteTeam "USA"]
[BlackTeam "ROU"]
[WhiteClock "0:00:00"]
[BlackClock "0:00:14"]

1. d4 Nf6 2. c4 e6 3. g3 c5 4. d5 exd5 5. cxd5 d6 6. Nc3 a6 7. a4 g6 8. Bg2 Bg7 9. Nf3 O-O 10. O-O Re8 11. Bf4 Ne4 12. Nxe4 Rxe4 13. Nd2 Rb4 14. a5 g5 15. Be3 Bf5 16. Ra4 Rxb2 17. Nc4 Rb5 18. Qd2 h6 19. h4 f6 20. hxg5 hxg5 21. f4 g4 22. Bf2 Qe7 23. e4 Bh7 24. Re1 Nd7 25. e5 fxe5 26. fxe5 Nxe5 27. Nxe5 Bxe5 28. Rxg4+ Kh8 29. Qh6 Rg8 30. Rxg8+ Kxg8 31. Bh3 Qg7 32. Be6+ Kh8 33. Qh4 Bf6 34. Qf4 Be5 35. Qh4 Qf6 36. Qh5 Rb2 37. Qe8+ Kg7 38. Qd7+ Kg6 39. Rf1 Qf3 40. Qe8+ Kg7 41. Qe7+ Kh6 42. Qh4+ Kg7 43. Qe7+ Kh6 44. Qh4+ Kg6 45. g4 Qf4 46. Qh5+ Kg7 47. Qh3 Bg6 0-1

[Event "January 2 Late 2024"]
[Site "https://www.chess.com"]
[Date "2024.01.02"]
[Round "4"]
[White "Mizzi, Jack"]
[Black "Hamitevici, Vladimir"]
[Result "1-0"]
[Board "115"]
[TimeControl "180+1"]
[WhiteFideId "5602521"]
[BlackFideId "13902393"]
[WhiteElo "2434"]
[BlackElo "2660"]
[WhiteTeam "MLT"]
[BlackTeam "MDA"]
[WhiteClock "0:00:07"]
[BlackClock "0:00:03"]

1. d4 e6 2. c4 b6 3. Nf3 Bb7 4. g3 Bxf3 5. exf3 d5 6. Bg2 c6 7. O-O Bd6 8. b3 Ne7 9. Bb2 O-O 10. Nd2 Nd7 11. Rc1 a5 12. a4 Qb8 13. f4 b5 14. axb5 cxb5 15. cxd5 exd5 16. Re1 Nb6 17. Nf3 a4 18. Qd3 axb3 19. Ng5 g6 20. Qxb3 Nc4 21. Ra1 Qb6 22. Rxa8 Rxa8 23. Rxe7 Bxe7 24. Bxd5 Rc8 25. Bxf7+ Kf8 26. Be6 Rb8 27. d5 Bxg5 28. fxg5 Qa5 29. Qf3+ Ke7 30. Bf6+ Kd6 31. Qf4+ Kc5 32. Qxb8 Qe1+ 33. Kg2 Ne3+ 34. Kf3 Qd1+ 35. Kxe3 Qe1+ 36. Kf3 Qd1+ 37. Kg2 Qh1+ 38. Kxh1 1-0

[Event "January 2 Late 2024"]
[Site "https://www.chess.com"]
[Date "2024.01.02"]
[Round "4"]
[White "Injac, Teodora"]
[Black "Seletsky, Grigory"]
[Result "1-0"]
[Board "116"]
[TimeControl "180+1"]
[WhiteFideId "932400"]
[BlackFideId "14112191"]
[WhiteElo "2659"]
[BlackElo "2424"]
[WhiteTeam "SRB"]
[BlackTeam "UKR"]
[WhiteClock "0:00:13"]
[BlackClock "0:00:00"]

1. d4 c5 2. d5 e5 3. e4 d6 4. Nc3 Nf6 5. Bb5+ Nbd7 6. a4 Be7 7. Nge2 O-O 8. Ng3 g6 9. h4 Ne8 10. h5 Ng7 11. hxg6 fxg6 12. Qd2 Rf7 13. Qh6 Nf8 14. Be3 a6 15. Be2 Bd7 16. f4 exf4 17. Bxf4 b5 18. e5 dxe5 19. Bxe5 Bg5 20. Qh2 c4 21. Nge4 Be3 22. Rf1 Rxf1+ 23. Bxf1 h5 24. Nf6+ Kf7 25. Nce4 Nf5 26. Be2 Qa5+ 27. c3 Re8 28. g4 Rxe5 29. Qxe5 Qd8 30. gxf5 Bxf5 31. Nd6+ Kg7 32. Nxf5+ gxf5 33. Nxh5+ Kg6 34. Qxe3 Qh4+ 35. Qf2 Qe4 36. O-O-O 1-0

[Event "January 2 Late 2024"]
[Site "https://www.chess.com"]
[Date "2024.01.02"]
[Round "4"]
[White "Goryachkina, Aleksandra"]
[Black "Gurevich, Dmitry"]
[Result "1-0"]
[Board "117"]
[TimeControl "180+1"]
[WhiteFideId "4147103"]
[BlackFideId "2000407"]
[WhiteElo "2655"]
[BlackElo "2420"]
[WhiteTeam "FID"]
[BlackTeam "USA"]
[WhiteClock "0:00:05"]
[BlackClock "0:00:00"]

1. e4 c5 2. Nf3 d6 3. d4 cxd4 4. Nxd4 Nf6 5. Nc3 Nc6 6. f3 Nxd4 7. Qxd4 g6 8. Be3 Bg7 9. Qd2 O-O 10. Be2 Be6 11. O-O Rc8 12. Nd5 Bxd5 13. exd5 Nd7 14. c4 a6 15. Rac1 Qc7 16. Rfe1 Qb8 17. b4 Rfe8 18. c5 dxc5 19. bxc5 Be5 20. f4 Bc7 21. c6 Nb6 22. Bf3 bxc6 23. Rxc6 Nd7 24. Rec1 Bb6 25. g3 Qa7 26. Bxb6 Nxb6 27. Qf2 Rxc6 28. dxc6 Qc7 29. Kg2 Rb8 30. Rc2 e6 31. Qc5 h5 32. Qe5 Qxe5 33. fxe5 Rc8 34. c7 Nd5 35. Bxd5 exd5 36. Kf3 Kf8 37. Ke3 Ke7 38. Kd4 Kd7 39. Kxd5 Rxc7 40. Rxc7+ Kxc7 41. e6 f6 42. Kc5 g5 43. Kd5 a5 44. a4 g4 45. Kc5 Kd8 46. Kd6 Ke8 47. e7 1-0

[Event "January 2 Late 2024"]
[Site "https://www.chess.com"]
[Date "2024.01.02"]
[Round "4"]
[White "Bjelobrk, Igor"]
[Black "Mazurkiewicz, Michal"]
[Result "1-0"]
[Board "118"]
[TimeControl "180+1"]
[WhiteFideId "4300726"]
[BlackFideId "1124943"]
[WhiteElo "2634"]
[BlackElo "2418"]
[WhiteTeam "AUS"]
[BlackTeam "POL"]
[WhiteClock "0:00:31"]
[BlackClock "0:00:00"]

1. d4 Nf6 2. c4 e5 3. dxe5 Ng4 4. Bf4 Nc6 5. Nf3 Bb4+ 6. Nbd2 Qe7 7. e3 Ngxe5 8. Nxe5 Nxe5 9. Be2 a5 10. O-O d6 11. Nb3 a4 12. a3 Ba5 13. Nxa5 Rxa5 14. Qd2 b6 15. Qc3 O-O 16. Rfd1 Be6 17. Rac1 Rc5 18. Qd4 g5 19. Bg3 f5 20. f3 Nc6 21. Qd2 Na5 22. Qb4 Bd7 23. Bf2 Re5 24. Rd5 Re8 25. Rxe5 Qxe5 26. Rd1 Nb3 27. Bd3 Qxb2 28. c5 bxc5 29. Qc4+ Be6 30. Qxa4 c4 31. Qxe8+ Kg7 32. Qe7+ Bf7 33. Bxc4 Nc5 34. Qxf7+ Kh6 35. Qxf5 1-0

[Event "January 2 Late 2024"]
[Site "https://www.chess.com"]
[Date "2024.01.02"]
[Round "4"]
[White "Perossa, Nicolas"]
[Black "Janaszak, Dawid"]
[Result "0-1"]
[Board "119"]
[TimeControl "180+1"]
[WhiteFideId "2850520"]
[BlackFideId "1119206"]
[WhiteElo "2415"]
[BlackElo "2633"]
[WhiteTeam "ITA"]
[BlackTeam "POL"]
[WhiteClock "0:00:00"]
[BlackClock "0:01:46"]

1. e4 c6 2. Nc3 d5 3. Nf3 dxe4 4. Nxe4 Nf6 5. Qe2 Nxe4 6. Qxe4 Qd5 7. Qxd5 cxd5 8. d4 Bf5 9. c3 f6 10. Bf4 Nc6 11. Bb5 g5 12. Bg3 h5 13. h4 g4 14. Nd2 Bh6 15. Nf1 a6 16. Ne3 Be4 17. Bxc6+ bxc6 18. O-O a5 19. b3 a4 20. b4 a3 21. Rfe1 Kd7 22. Rad1 Rhg8 23. Kh2 Ra7 24. Rd2 Rb7 25. Rde2 Bd3 26. Rd2 Be4 27. Rde2 e6 28. Rd2 f5 29. Be5 f4 30. Nf1 g3+ 31. Kg1 f3 32. Bxg3 Bxd2 33. Nxd2 fxg2 34. Nxe4 dxe4 35. Rxe4 Rb5 36. Kxg2 Rf5 37. Kh3 Rgf8 38. Re3 Rf3 39. Kg2 R3f5 40. Be5 Rg8+ 41. Rg3 Rg4 42. f3 Rxg3+ 43. Kxg3 Rf8 44. Kf2 Rg8 45. Bf4 Ke8 46. Bc1 Kf7 47. Bxa3 Ra8 48. Bc1 Rxa2+ 49. Ke3 Rc2 50. Bd2 Kg6 51. Kd3 Ra2 52. Bg5 Rf2 53. f4 Kf5 54. c4 Rf3+ 55. Kc2 Ke4 56. b5 Kxd4 57. bxc6 Rc3+ 58. Kd2 Rxc4 59. Ke2 Ke4 60. Kf2 Rc2+ 61. Kg3 Rxc6 62. Bf6 Rd6 63. Be5 Rd3+ 64. Kg2 Kf5 0-1

[Event "January 2 Late 2024"]
[Site "https://www.chess.com"]
[Date "2024.01.02"]
[Round "4"]
[White "Caspi, Israel"]
[Black "Senft, Sean"]
[Result "0-1"]
[Board "120"]
[TimeControl "180+1"]
[WhiteFideId "2807394"]
[BlackFideId "2044960"]
[WhiteElo "2629"]
[BlackElo "2411"]
[WhiteTeam "ISR"]
[BlackTeam "USA"]
[WhiteClock "0:00:20"]
[BlackClock "0:00:12"]

1. d4 d5 2. c4 c6 3. e3 Nf6 4. Bd3 a6 5. cxd5 cxd5 6. Nc3 Nc6 7. f4 Bg4 8. Qb3 Ra7 9. Bd2 e6 10. Rc1 Bd6 11. h3 Bh5 12. Nge2 Bg6 13. Bxg6 hxg6 14. O-O O-O 15. g4 Ne7 16. Ng3 b5 17. a4 Qb8 18. axb5 axb5 19. Ra1 Rb7 20. g5 Nd7 21. Ra6 Nb6 22. Rfa1 Nc4 23. Bc1 Rc8 24. Nce2 Rbc7 25. h4 Nf5 26. Nxf5 gxf5 27. h5 g6 28. h6 f6 29. Kg2 fxg5 30. fxg5 Kh7 31. Nf4 Bxf4 32. exf4 Rc6 33. Ra8 Qxa8 34. Rxa8 Rxa8 35. Qxb5 Rac8 36. Qb4 Nd6 37. Bd2 R8c7 38. Bc3 Ne4 39. Be1 Rc2+ 40. Kh3 Rc1 41. Qb6 R1c6 42. Qb8 Rc1 43. Ba5 Rd7 44. Qe8 Rb7 45. Qxe6 Rh1+ 46. Kg2 Rc1 47. Bc3 Nxc3 48. bxc3 Rb2+ 49. Kf3 Rxc3+ 50. Qe3 Rbb3 51. Qxc3 Rxc3+ 52. Ke2 Rc4 53. Kd3 Ra4 54. Kc3 Ra3+ 55. Kb4 Rf3 56. Kc5 Rxf4 57. Kxd5 Rg4 58. Ke5 Rxg5 59. d5 Kxh6 60. d6 Rg1 61. Ke6 Rd1 62. Ke7 f4 63. d7 f3 64. d8=Q Rxd8 65. Kxd8 f2 0-1

[Event "January 2 Late 2024"]
[Site "https://www.chess.com"]
[Date "2024.01.02"]
[Round "4"]
[White "Antunez Soler, Luis"]
[Black "Sroczynski, Maciej"]
[Result "0-1"]
[Board "121"]
[TimeControl "180+1"]
[WhiteFideId "3513335"]
[BlackFideId "1121472"]
[WhiteElo "2612"]
[BlackElo "2406"]
[WhiteTeam "CUB"]
[BlackTeam "POL"]
[WhiteClock "0:00:05"]
[BlackClock "0:00:04"]

1. e4 c5 2. Nf3 d6 3. Bb5+ Bd7 4. Bxd7+ Qxd7 5. O-O Nc6 6. Re1 Nf6 7. c3 e6 8. d4 cxd4 9. cxd4 d5 10. e5 Ne4 11. a3 Be7 12. Nbd2 Nxd2 13. Bxd2 Rc8 14. Rc1 b5 15. Rc3 b4 16. Rd3 h6 17. h4 Qb7 18. Nh2 bxa3 19. bxa3 Qb2 20. Qg4 g6 21. Ree3 h5 22. Qf4 Nd8 23. Nf3 Rc4 24. Ng5 Qb1+ 25. Kh2 Qd1 26. Rf3 Qe2 27. Bb4 Rxb4 28. axb4 O-O 29. Rde3 Qc2 30. g4 hxg4 31. Qxg4 Bxb4 32. h5 Kg7 33. h6+ Kh8 34. Qf4 Be7 35. Rc3 Qf5 36. Qxf5 exf5 37. Nh3 Ne6 38. Rfd3 Bb4 39. Rc6 a5 40. Ra6 Kh7 41. Ng1 Kxh6 42. Rh3+ Kg5 43. Nf3+ Kf4 44. Kg2 g5 45. Rh6 g4 46. Nh4 Nxd4 47. Rhf6 Kxe5 48. Rh6 Rc8 49. Rh7 Rc7 50. Ng6+ fxg6 51. Rxc7 g5 52. Rg7 Bd2 53. Re7+ Kf4 54. Rd7 Nf3 55. Rxd5 Bb4 56. Rf6 Ke4 57. Rd8 Nh4+ 58. Kf1 f4 59. Re8+ Kd5 60. Rf7 g3 61. fxg3 fxg3 62. Kg1 Bc5+ 63. Kf1 g2+ 64. Ke2 g1=Q 65. Rd7+ Kc4 66. Rd1 Qf2# 0-1

[Event "January 2 Late 2024"]
[Site "https://www.chess.com"]
[Date "2024.01.02"]
[Round "4"]
[White "Luo, Terry"]
[Black "Gallegos Diaz, Carlos Alberto"]
[Result "1-0"]
[Board "122"]
[TimeControl "180+1"]
[WhiteFideId "30931045"]
[BlackFideId "3900886"]
[WhiteElo "2605"]
[BlackElo "2403"]
[WhiteTeam "USA"]
[BlackTeam "VEN"]
[WhiteClock "0:01:10"]
[BlackClock "0:00:07"]

1. d4 d6 2. Nf3 Nf6 3. c4 Nbd7 4. Nc3 e5 5. e4 Be7 6. Be2 O-O 7. O-O exd4 8. Nxd4 Re8 9. f3 Bf8 10. Be3 c6 11. Bf2 d5 12. cxd5 cxd5 13. exd5 Nb6 14. Bb5 Bd7 15. a4 Nbxd5 16. Nxd5 Nxd5 17. Qb3 Nb4 18. Rad1 Bxb5 19. Nxb5 Qa5 20. Rd7 Re7 21. Rfd1 Nc6 22. Rxe7 Bxe7 23. Rd7 a6 24. Nd6 Qh5 25. Qxb7 Rd8 26. Qxc6 Rxd7 27. Qxd7 Bf8 28. b4 Qd5 29. Qxf7+ Qxf7 30. Nxf7 Kxf7 31. b5 axb5 32. axb5 Ke6 33. Kf1 Kf7 34. b6 Ke6 35. b7 Kd5 36. b8=Q Kc6 37. Qxf8 Kb7 38. Qxg7+ 1-0

[Event "January 2 Late 2024"]
[Site "https://www.chess.com"]
[Date "2024.01.02"]
[Round "4"]
[White "Palchuk, Andrii"]
[Black "Petr, Jan"]
[Result "0-1"]
[Board "123"]
[TimeControl "180+1"]
[WhiteFideId "14176688"]
[BlackFideId "345784"]
[WhiteElo "2599"]
[BlackElo "2392"]
[WhiteTeam "UKR"]
[BlackTeam "CZE"]
[WhiteClock "0:01:58"]
[BlackClock "0:01:01"]

1. d4 Nf6 2. c4 e5 3. dxe5 Ng4 4. e3 Nxe5 5. Nh3 g5 6. Nc3 Bg7 7. e4 h6 8. Be2 d6 9. Ng1 Nbc6 10. Be3 f5 11. exf5 Bxf5 12. Nf3 Qd7 13. O-O O-O-O 14. Nxe5 Bxe5 15. Qa4 Kb8 16. Rfd1 Bxc3 17. bxc3 Nd4 18. Qa3 Nxe2+ 19. Kf1 b6 20. Kxe2 Qc6 21. Kf1 Be4 22. f3 Bxf3 23. gxf3 Qxf3+ 24. Bf2 Rhf8 25. Qb2 Qh1+ 26. Ke2 Rxf2+ 27. Kxf2 Qxh2+ 0-1